 Dungeon Crawl Stone Soup version 0.20-a0-464-g526fb3c (webtiles) character file.

4293 kuniqs the Fighter (level 10, -2/83 HPs)
             Began as a Barachian Gladiator on Jan 11, 2017.
             Was a Believer of Cheibriados.
             Slain by a two-headed ogre
             ... wielding a +0 giant club
              (21 damage)
             ... on level 8 of the Dungeon.
             The game lasted 00:17:11 (8792 turns).

kuniqs the Fighter (Barachian Gladiator)            Turns: 8792, Time: 00:17:12

Health: -2/83      AC: 16    Str: 19    XL:     10   Next: 32%
Magic:  13/13      EV: 18    Int: 12    God:    Cheibriados [**....]
Gold:   84         SH:  0    Dex: 16    Spells: 9/9 levels left

rFire  . . .     SeeInvis .     a - +3 long sword
rCold  . . .     Gourm    .     M - +0 troll leather armour
rNeg   . . .     Faith    .     (no shield)
rPois  .         Spirit   .     y - +2 helmet
rElec  .         Reflect  .     s - +2 cloak
rCorr  .         Harm     .     e - +0 pair of gloves
MR     +....                    p - +2 pair of boots
Stlth  +.........               (no amulet)
                                I - +2 ring of protection
                                r - ring of protection from magic

@: drained, very slow
A: swims, slowness 1, strong legs 1
a: Hop, Bend Time, Renounce Religion


You were on level 8 of the Dungeon.
You worshipped Cheibriados.
Cheibriados was pleased with you.
You were not hungry.

You visited 2 branches of the dungeon, and saw 10 of its levels.

You collected 460 gold pieces.
You spent 376 gold pieces at shops.

Inventory:

Hand Weapons
 a - a +3 long sword (weapon)
 D - a +0 dagger of venom
Missiles
 E - 13 tomahawks
 L - 3 throwing nets (quivered)
Armour
 e - a +0 pair of gloves (worn)
 p - a +2 pair of boots (worn)
 s - a +2 cloak (worn)
 y - a +2 helmet (worn)
 G - a +2 leather armour of magic resistance
 M - a +0 troll leather armour (worn)
Jewellery
 r - a ring of protection from magic (left hand)
 I - a +2 ring of protection (right hand)
Wands
 A - a wand of polymorph (10/24)
 J - a wand of iceblast (10/15)
Scrolls
 b - a scroll of amnesia {unknown}
 g - 6 scrolls of teleportation
 h - a scroll of magic mapping
 k - a scroll of fog
 n - a scroll of vulnerability {unknown}
 t - a scroll of fear
 v - a scroll of enchant armour
 B - 4 scrolls of recharging
 C - a scroll of remove curse {@r2}
 F - a scroll of torment {unknown}
Potions
 c - 2 potions of agility
 i - a potion of cancellation
 j - a potion of heal wounds
 l - a potion of invisibility
 m - a potion of haste {unknown}
 o - a potion of ambrosia
 q - 5 potions of curing {@q1}
 x - 2 potions of lignification
 z - a potion of might
 H - a potion of beneficial mutation {unknown}
Comestibles
 d - 11 bread rations
 f - a fruit
 u - a beef jerky
 K - a slice of pizza


   Skills:
 + Level 9.5(9.4) Fighting
 + Level 9.3 Long Blades
 - Level 1.7 Throwing
 + Level 8.5 Dodging
 + Level 4.6 Invocations


You had 9 spell levels left.
You didn't know any spells.

Dungeon Overview and Level Annotations

Branches:
Dungeon (9/15)             Temple (1/1) D:7
   Lair: D:8-11         Orc: D:9-12

Altars:
Ashenzari
Cheibriados
Dithmenos
Gozag
Hepliaklqana
Kikubaaqudgha
Makhleb
Nemelex Xobeh
Okawaru
Qazlal
Ru
Sif Muna
Uskayaw
Xom

Shops:
D:5 !   D:7 :   D:8 }!*=


Innate Abilities, Weirdness & Mutations

You can swim through water.
You cover ground slowly.
You can hop short distances.


Message History

You slash the scorpion!
You kill the scorpion!
Cheibriados appreciates the change of pace.
The two-headed ogre hits you with a giant club.
The two-headed ogre closely misses you.
You closely miss the two-headed ogre. The two-headed ogre misses you.
You riposte.
You slash the two-headed ogre!
The two-headed ogre hits you with a giant club!
You are too injured to fight recklessly!
You are too injured to fight recklessly!
You are too injured to fight recklessly!
You barely miss the two-headed ogre. You hit the two-headed ogre.
The two-headed ogre hits you with a giant club!!
* * * LOW HITPOINT WARNING * * *
The two-headed ogre misses you.
Okay, then.
You hit the two-headed ogre but do no damage.
The two-headed ogre hits you with a giant club!!
You die...

....................#####........
..............####### ##.......
##.)).....)).## ##......
####.)........# ###....
###.........# ###..
##...........##### ###
##.............#..## #
#..................##
##.......##.....@O..#
##......###.........#
##......###.........# ##....##
##........# ###..# ...........
#### #......|.... #...........
##..........


You could see a two-headed ogre.

Vanquished Creatures
  The ghost of kuniqs the Skirmisher, a novice BaFi (D:4)
  A troll (D:8)
  A spriggan (D:7)
  Duvessa (D:5)
  6 ice beasts
  An orc warrior (D:7)
  3 phantoms
  A necrophage (D:9)
  4 ogres
  3 centaurs
  A gnoll sergeant (D:9)
  3 bullfrogs
  3 scorpions
  Dowan (D:5)
  A water moccasin skeleton (D:8)
  5 wights (D:8)
  2 crimson imps
  A bullfrog zombie (D:9)
  5 orc priests
  4 bullfrog skeletons
  A centaur skeleton (D:9)
  2 hounds
  2 iguanas (D:8)
  Crazy Yiuf (D:7)
  8 orc wizards
  8 worker ants
  A hound zombie (D:5)
  A worker ant zombie (D:5)
  5 gnolls (D:9)
  7 adders
  A shadow imp (D:6)
  An ooze (D:1)
  2 adder skeletons
  5 worms
  4 dart slugs
  7 leopard geckos
  38 orcs
  6 giant cockroaches
  10 goblins
  6 hobgoblins
  9 jackals
  8 kobolds
  3 quokkas
  A ball python (D:3)
  9 bats
  7 frilled lizards
  2 jackal skeletons (D:6)
  A quokka skeleton (D:4)
  A quokka zombie (D:7)
  11 rats
216 creatures vanquished.

Notes
Turn   | Place    | Note
-------+----------+-------------------------------------------
     0 | D:1      | kuniqs the Barachian Gladiator began the quest for the Orb.
     0 | D:1      | Reached XP level 1. HP: 16/16 MP: 1/1
   267 | D:1      | Reached XP level 2. HP: 20/23 MP: 2/2
   763 | D:1      | Reached XP level 3. HP: 29/29 MP: 3/3
  1252 | D:2      | Reached XP level 4. HP: 35/35 MP: 4/4
  2187 | D:3      | Reached XP level 5. HP: 37/42 MP: 5/5
  2329 | D:3      | Found a faded altar of an unknown god.
  2681 | D:4      | Noticed a phantom
  3187 | D:4      | Killed a phantom
  3187 | D:4      | Reached skill level 5 in Long Blades
  3187 | D:4      | Reached XP level 6. HP: 20/49 MP: 6/6
  3495 | D:4      | Noticed kuniqs's ghost (novice BaFi)
  3536 | D:4      | Killed kuniqs's ghost
  3536 | D:4      | Reached skill level 5 in Fighting
  3536 | D:4      | Reached XP level 7. HP: 44/56 MP: 7/7
  3606 | D:4      | Reached skill level 5 in Dodging
  3651 | D:5      | Entered Level 5 of the Dungeon
  3651 | D:5      | Noticed Duvessa
  4180 | D:4      | Reached XP level 8. HP: 32/64 MP: 8/8
  5118 | D:5      | Found Guyjinn's Distillery.
  5126 | D:5      | Bought a potion of berserk rage for 75 gold pieces
  5126 | D:5      | Bought a potion of lignification for 45 gold pieces
  5126 | D:5      | Bought a potion of might for 60 gold pieces
  5209 | D:5      | Noticed Dowan
  5244 | D:5      | Killed Dowan
  5245 | D:5      | Killed Duvessa
  5540 | D:5      | Noticed a two-headed ogre
  5751 | D:6      | Reached XP level 9. HP: 72/73 MP: 9/9
  6325 | D:7      | Found a staircase to the Ecumenical Temple.
  6333 | Temple   | Entered the Ecumenical Temple
  6350 | Temple   | Became a worshipper of Cheibriados the Contemplative
  6617 | D:6      | Found a shattered altar of Ashenzari.
  6627 | D:6      | Found a sparkling altar of Nemelex Xobeh.
  6627 | D:6      | Found a shimmering altar of Xom.
  6648 | D:6      | Found a shadowy altar of Dithmenos.
  6652 | D:6      | Found a sacrificial altar of Ru.
  6802 | D:6      | Reached skill level 1 in Invocations
  7034 | D:6      | Reached * piety under Cheibriados
  7206 | D:7      | Was placed under penance by Cheibriados
  7224 | D:7      | Found Uden Ycs's Book Shoppe.
  7236 | D:7      | Was forgiven by Cheibriados
  7645 | D:7      | Found a runed door.
  7804 | D:7      | Reached XP level 10. HP: 83/83 MP: 12/12
  7911 | D:7      | Noticed Crazy Yiuf
  7920 | D:7      | Killed Crazy Yiuf
  8107 | D:8      | Found Fegikk's Gadget Emporium.
  8109 | D:8      | Found Laqouxokh's Distillery.
  8110 | D:8      | Found Hoakkaing's Assorted Antiques.
  8113 | D:8      | Found Buihupt's Jewellery Emporium.
  8141 | D:8      | Bought a scroll labeled LOADUA QEFRAA for 35 gold pieces
  8141 | D:8      | Bought a sedimented white potion for 31 gold pieces
  8150 | D:8      | Bought a +2 ring of protection for 130 gold pieces
  8497 | D:8      | Reached ** piety under Cheibriados
  8773 | D:8      | Noticed a two-headed ogre
  8792 | D:8      | Slain by a two-headed ogre

Vault maps used:
D:1:      dpeg_cavernosity
D:2:      minmay_misc_feat_ornament
D:3:      chequers_ecumenical_altar_simple
D:4:      first_bread
D:5:      lightli_ossuary_entry_decrepit_ruins, serial_shops, shop,
          hangedman_abyss_or_decor_stagger, uniq_duvessa
D:6:      minmay_overflow_temple_star_hex, minmay_misc_feat_nine_boxes
D:7:      serial_shops, shop_fountains, the_bakery, kennysheep_cross_room,
          uniq_crazy_yiuf_cottage
D:8:      minmay_shop_grid_forest, nicolae_zen_rock_garden
D:9:      grunt_temple_overflow_holy_war
Temple:   nicolae_temple_great_sept

Skill      XL: |  1  2  3  4  5  6  7  8  9 10 |
---------------+-------------------------------+-----
Fighting       | 3 4 5 6 7 9 |  9.5
Long Blades    | 4 5 6 7 8 9 |  9.3
Dodging        | 4 5 6 8 |  8.5
Invocations    | 3 4 |  4.6
Throwing       | |  1.7

Action                   |  1- 3 |  4- 6 |  7- 9 | 10-12 || total
-------------------------+-------+-------+-------+-------++-------
Melee: Long sword        |    79 |   205 |   430 |   143 ||   857
       Falchion          |       |       |     5 |       ||     5
Invok: Bend Time         |       |       |       |     1 ||     1
 Abil: Hop               |       |       |     1 |       ||     1
  Use: Potion            |       |     2 |     6 |       ||     8
       Scroll            |       |       |    14 |     1 ||    15
  Eat: Chunk             |     2 |     8 |    10 |     2 ||    22
       Meat ration       |       |       |     1 |       ||     1
Armor: Leather armour    |    15 |       |    31 |    29 ||    75
       Ring mail         |       |    65 |   107 |       ||   172
       Skin              |       |       |    18 |       ||    18
       Troll leather arm |       |       |       |    13 ||    13
Dodge: Dodged            |    63 |   139 |   292 |   142 ||   636
       Rpst.: Long sword |    22 |    41 |    90 |    31 ||   184
       Falchion          |       |       |     1 |       ||     1
